 Dungeon Crawl Stone Soup version 0.15.2 (webtiles) character file.

82 MisterOstroum the Vexing (level 4, -4/24 HPs)
             Began as a Deep Elf Enchanter on Jan 7, 2020.
             Slain by a gnoll
             ... wielding a cursed +0 halberd
              (11 damage)
             ... on Level 2 of the Dungeon.
             The game lasted 00:25:46 (3202 turns).

MisterOstroum the Vexing (Deep Elf Enchanter)       Turns: 3202, Time: 00:25:46

HP  -4/24        AC  3     Str  5      XL: 4   Next: 21%
MP   3/14        EV 13     Int 21      God:
Gold 19          SH  0     Dex 15      Spells:  3 memorised,  4 levels left

rFire  . . .     SeeInvis .     a - +1 dagger
rCold  . . .     Clarity  .     b - +1 robe
rNeg   . . .     rCorr    .     (no shield)
rPois  .         rRot     .     (no helmet)
rElec  .         Spirit   .     (no cloak)
SustAb .         Warding  .     (no gloves)
rMut   .         Stasis   .     (no boots)
Gourm  .                        (no amulet)
MR     .....                    (no ring)
                                (no ring)

@: not resistant to hostile enchantments, fairly stealthy
A: no striking features
a: no special abilities


You were on level 2 of the Dungeon.
You were not hungry.

You visited 1 branch of the dungeon, and saw 2 of its levels.

You collected 19 gold pieces.

Inventory:

Hand weapons
 a - a +1 dagger (weapon)
 e - a +0 short sword
 l - a +0 hunting sling
 o - a +0 spear
Missiles
 h - 8 poisoned needles
 i - 2 stones (quivered)
Armour
 b - a +1 robe (worn)
 r - a +0 leather armour
Comestibles
 d - 2 bread rations
 p - a rotting chunk of giant newt flesh
 q - a chunk of giant newt flesh
 s - a chunk of goblin flesh
Scrolls
 g - 4 scrolls of identify {unknown}
 m - a scroll of magic mapping {unknown}
Potions
 f - a potion of cancellation {unknown}
 j - a potion of agility {unknown}
 k - a potion of degeneration {unknown}
 n - a potion of invisibility {unknown}
Books
 c - a book of Maledictions

   Spells                             Type                      Level
   *Corona                            Hexes                        1
   Sure Blade                         Hexes/Charms                 2
   *Ensorcelled Hibernation           Hexes/Ice                    2
   *Confuse                           Hexes                        3
   Dazzling Spray                     Conjuration/Hexes            3
   Enslavement                        Hexes                        4


   Skills:
 - Level 0.4 Fighting
 - Level 1.0 Short Blades
 - Level 2.5 Dodging
 - Level 3.8 Stealth
 + Level 3.7 Spellcasting
 + Level 4.9 Hexes
 * Level 2.5 Ice Magic


You had 4 spell levels left.
You knew the following spells:

 Your Spells              Type           Power        Failure   Level  Hunger
a - Corona                Hex            ###....      1%          1    None
b - Ensorcelled Hibernat  Hex/Ice        ###...       4%          2    #......
c - Confuse               Hex            ###.....     6%          3    ###....


Dungeon Overview and Level Annotations

Branches:
Dungeon (2/15)

Altars:
Makhleb
Zin
The Shining One


Message History

The giant newt moves out of view.
Unknown command.
Unknown command.
What do you say? t - Shout!
Orders for allies: a - Attack new target. r - Retreat! s - Stop attacking. w - Wait here. f - Follow me.
Anything else - Stay silent.
You shout for attention!
Cast which spell? (? or * to list)
Aiming: Ensorcelled Hibernation
Press: ? - help, Shift-Dir - straight line, f - giant newt
Aim: a giant newt The giant newt looks drowsy...
The helpless giant newt fails to defend itself.
You puncture the giant newt!
You kill the giant newt!
You smell decay.
Yuck! (slot p)
You see here a giant newt corpse.
You start butchering the giant newt corpse.
You continue butchering the corpse. x3
You finish butchering the giant newt corpse.
q - a chunk of giant newt flesh
There is a stone staircase leading down here.
You climb downwards.
There is a stone staircase leading up here.
A gnoll comes into view. It is wielding a halberd.
A gnoll is nearby!
A gnoll is nearby!
A gnoll is nearby!
A gnoll is nearby!
Unknown command.
Unknown command.
Unknown command.
Unknown command.
Casting: Ensorcelled Hibernation
Confirm with . or Enter, or press ? or * to list all spells.
Aiming: Confuse
Press: ? - help, Shift-Dir - straight line, f - gnoll
Aim: a gnoll, wielding a halberd The gnoll struggles to resist.
Casting: Confuse
Confirm with . or Enter, or press ? or * to list all spells.
Aiming: Confuse
Press: ? - help, Shift-Dir - straight line, f/p - gnoll
Aim: a gnoll, wielding a halberd The gnoll struggles to resist.
Casting: Confuse
Confirm with . or Enter, or press ? or * to list all spells.
Aiming: Confuse
Press: ? - help, Shift-Dir - straight line, f/p - gnoll
Aim: a gnoll, wielding a halberd The gnoll appears confused.
The gnoll hits you with a halberd!!
Ouch! That really hurt!
* * * LOW HITPOINT WARNING * * *
You are too injured to fight recklessly!
Casting: Confuse
Confirm with . or Enter, or press ? or * to list all spells.
Aiming: Ensorcelled Hibernation
Press: ? - help, Shift-Dir - straight line, f/p - gnoll
Aim: a gnoll, wielding a halberd (bewildered and confused)
You miscast Ensorcelled Hibernation.
You are very lightly contaminated with residual magic.
You feel a strange surge of energy!
Unknown command.
Unknown command.
Casting: Ensorcelled Hibernation
Confirm with . or Enter, or press ? or * to list all spells.
Aiming: Ensorcelled Hibernation
Press: ? - help, Shift-Dir - straight line, f/p - gnoll
Aim: a gnoll, wielding a halberd (bewildered and confused)
The gnoll resists with significant effort.
Unknown command.
Unknown command.
Casting: Ensorcelled Hibernation
Confirm with . or Enter, or press ? or * to list all spells.
Aiming: Ensorcelled Hibernation
Press: ? - help, Shift-Dir - straight line, f/p - gnoll
Aim: a gnoll, wielding a halberd (bewildered and confused)
The gnoll looks drowsy...
A giant gecko comes into view.
Unknown command.
Casting: Ensorcelled Hibernation
Confirm with . or Enter, or press ? or * to list all spells.
Aiming: Ensorcelled Hibernation
Press: ? - help, Shift-Dir - straight line, f - giant gecko
Aim: a giant gecko (clinging)
The giant gecko looks drowsy...
The helpless giant gecko fails to defend itself.
You slice the giant gecko!!
You kill the giant gecko!
Your magical contamination has completely faded away.
An adder comes into view.
Found a mace. 3 gnolls come into view.
The gnoll shouts! x3
The gnoll hits you with a halberd!
You die...

.........#### ..#...
.......r..... ###..#
............ #..#
.)...S....# # #..#
#..........#### #.#..#
#...#.g. #.#..# ##.#.#g#
#....#
##..#..g#############..#
##..###.@...............#
##..##
##..############..#
##..## ..##...
$......#..#
###..##..#..##..##..#
#.#... ###.%.##..#.#..
#...#.# #.#.#. #...###
.#._.#. ###...# #.#.#.
#.#...##..#.#..##...###
#.#.#.
#.###..#+..#..##..###
#.#.#. #.# ##..##..
##...# ####'#.#.


You could see 3 gnolls and an adder.

Vanquished Creatures
  Ijyb (D:2)
  A gnoll (D:1)
  3 giant geckos
  2 bats (D:1)
  A giant cockroach (D:1)
  8 hobgoblins
  13 jackals (D:1)
  An ooze (D:1)
  4 giant newts
  4 goblins
  8 kobolds (D:1)
  5 rats (D:1)
51 creatures vanquished.

Notes
Turn   | Place    | Note
--------------------------------------------------------------
     0 | D:1      | MisterOstroum, the Deep Elf Enchanter, began the quest for the Orb.
     0 | D:1      | Reached XP level 1. HP: 10/10 MP: 5/5
   730 | D:1      | Reached XP level 2. HP: 13/16 MP: 6/8
   735 | D:1      | Learned a level 2 spell: Ensorcelled Hibernation
  1256 | D:1      | Reached skill level 1 in Ice Magic
  1624 | D:1      | Reached XP level 3. HP: 15/20 MP: 2/11
  1858 | D:1      | Learned a level 3 spell: Confuse
  2698 | D:2      | Found a glowing golden altar of the Shining One.
  2823 | D:2      | Found a glowing silver altar of Zin.
  2908 | D:2      | Found a burning altar of Makhleb.
  2945 | D:2      | Noticed Ijyb
  2990 | D:2      | Killed Ijyb
  2990 | D:2      | Reached XP level 4. HP: 13/24 MP: 1/14
  3202 | D:2      | Slain by a gnoll

Action                   |  1- 3 |  4- 6 || total
-------------------------+-------+-------++-------
Melee: Dagger            |    26 |     2 ||    28
       Short sword       |    74 |       ||    74
Throw: Stone             |    11 |       ||    11
 Cast: Corona            |    15 |       ||    15
       Ensorcelled Hiber |    42 |     4 ||    46
       Confuse           |     5 |     3 ||     8
 Stab: Sleeping          |    34 |     2 ||    36
       Confused          |     4 |       ||     4
  Eat: Chunk             |     8 |     1 ||     9
